 Dungeon Crawl Stone Soup version 0.19.0-19-g8c6edcc (webtiles) character file.

96764 Plasmo the Protected (level 15, -2/204 HPs)
             Began as a Minotaur Berserker on Nov 14, 2016.
             Was a High Priest of Trog.
             Killed from afar by Nikola (11 damage)
             ... with a zap
             ... on level 4 of the Swamp on Nov 15, 2016.
             The game lasted 01:14:01 (22123 turns).

Plasmo the Protected (Minotaur Berserker)          Turns: 22123, Time: 01:14:02

Health: -2/204     AC: 35    Str: 28    XL:     15   Next: 70%
Magic:  0/18       EV: 14    Int:  9    God:    Trog [*****.]
Gold:   1154       SH: 12    Dex: 12    Spells: 0 memorised, 14 levels left

rFire  + . .     SeeInvis .     k - +5 flail (protect)
rCold  . . .     Gourm    .     P - +4 plate armour {rPois}
rNeg   . . .     Faith    .     m - +2 buckler
rPois  +         Spirit   +     Q - +1 hat {Spirit}
rElec  .         Reflect  +     B - +2 cloak {rF+}
rCorr  .         Harm     .     e - +0 pair of gloves
MR     +....                    n - +0 pair of boots
Stlth  ..........               o - +3 amulet of reflection
                                R - ring of stealth
                                h - +2 ring of dexterity

@: mighty, berserking, protection aura, very quick
A: retaliatory headbutt, horns 2
a: Berserk, Trog's Hand, Brothers in Arms, Burn Spellbooks, Renounce Religion


You were on level 4 of the Swamp.
You worshipped Trog.
Trog was extremely pleased with you.
You were not hungry.

You visited 3 branches of the dungeon, and saw 21 of its levels.
You also visited: Ice Cave and Volcano.

You collected 1634 gold pieces.
You spent 480 gold pieces at shops.

Inventory:

Hand Weapons
 k - a +5 flail of protection (weapon)
 p - a +6 blowgun
 J - a +1 eveningstar of venom
 S - a +2 great mace of draining
Missiles
 K - 19 curare-tipped needles
 W - 2 javelins (quivered)
Armour
 e - a +0 pair of gloves (worn)
 m - a +2 buckler (worn)
 n - a +0 pair of boots (worn)
 B - a +2 cloak of fire resistance (worn)
 P - a +4 plate armour of poison resistance (worn)
 Q - a +1 hat of spirit shield (worn)
Jewellery
 g - an uncursed ring of see invisible
 h - a +2 ring of dexterity (left hand)
 o - a +3 amulet of reflection (around neck)
 r - a +4 ring of strength
 t - an uncursed ring of flight
 v - an uncursed amulet of regeneration
 M - an uncursed ring of positive energy
 R - a ring of stealth (right hand)
 Y - an uncursed amulet of rage {unknown}
Wands
 w - a wand of confusion (13/48)
 x - a wand of disintegration (19/24)
 y - a wand of lightning (6/15)
 H - a wand of random effects (31/48)
 U - a wand of teleportation (2/9)
 V - a wand of enslavement (10/24)
Scrolls
 b - a scroll of fog
 d - 10 scrolls of remove curse
 l - 2 scrolls of enchant armour
 q - 2 scrolls of teleportation
 u - 2 scrolls of fear
 C - 2 scrolls of identify
 T - 3 scrolls of blinking
Potions
 f - 4 potions of flight
 i - 2 potions of invisibility
 j - 6 potions of curing
 F - 2 potions of ambrosia
 G - a potion of agility
 N - a potion of lignification
 X - a potion of cure mutation
 Z - a potion of brilliance
Miscellaneous
 I - a phantom mirror
Comestibles
 a - 2 fruits
 c - 6 bread rations
 s - 2 chunks of flesh
 z - 7 royal jellies


   Skills:
 * Level 13.2 Fighting
 * Level 13.2 Maces & Flails
 + Level 8.2 Throwing
 * Level 13.7 Armour
 * Level 12.2 Dodging
 * Level 12.3 Shields
 * Level 11.7 Unarmed Combat
 + Level 6.0 Evocations


You had 14 spell levels left.
You didn't know any spells.

Dungeon Overview and Level Annotations

Branches:
Dungeon (11/15)            Temple (0/1) D:6            Lair (6/6) D:11
  Swamp (4/4) Lair:3       Spider (0/4) Lair:2        Slime (0/5) Lair:5
    Orc: D:9-12

Altars:
Hepliaklqana
Uskayaw
Vehumet
Xom
Jiyva

Shops:
D:8 (   D:10 [

Annotations:
D:9 Maurice
Swamp:4 Nikola


Innate Abilities, Weirdness & Mutations

You reflexively headbutt those who attack you in melee.
You have a pair of horns on your head.


Message History

* * * LOW HITPOINT WARNING * * *
The lightning arc hits Nikola.
The lightning arc hits you!
* * * LOW HITPOINT WARNING * * *
You hear a deafening roar!
You are too berserk!
You barely miss Nikola.
Nikola is moderately wounded.
You bludgeon Nikola!! Your headbutt misses Nikola.
Nikola is heavily wounded.
Nikola says, "There's a spark of magic in your eyes."
Nikola points at you and mumbles some strange words.
The zap hits you!
You thump Nikola! You headbutt Nikola.
Nikola is severely wounded.
You bludgeon Nikola!! You headbutt Nikola!!
Nikola is almost dead.
Nikola raves, "Can you feel it? Can you feel it?
CAN YOU FEEL IT?"
Nikola points at you and mumbles some strange words.
The zap hits you!
You die...

♣♣♣♣♣♣♣≈...≈♣..♣≈≈≈≈..≈≈≈♣ ♣♣
♣..♣..≈§.≈....≈♣≈...≈...≈♣ ♣
♣...≈≈......♣♣♣.≈≈.♣♣♣♣.≈♣ ♣
♣♣≈.≈≈≈§.≈≈.♣♣.§≈≈≈≈.♣..♣♣♣♣♣♣
♣....≈≈≈≈≈≈.♣♣.≈≈≈≈≈.≈...§♣♣§§
♣...≈≈≈≈≈≈≈.♣♣≈.≈≈≈≈....§§§§§§
♣♣♣≈≈≈≈≈≈≈≈≈♣♣≈..≈≈.≈≈≈≈§§§§§§
♣.≈≈≈≈≈≈≈♣♣♣@†.≈≈.≈≈≈≈§§§≈§≈
♣≈..≈≈≈≈≈..@)≈§≈≈.≈≈≈≈≈≈§≈≈≈
♣♣♣≈..≈..♣≈.≈≈≈≈≈≈♣........≈
♣♣.≈≈..♣♣♣.§≈≈≈<≈≈≈≈♣♣♣..≈
♣.§≈≈≈♣♣♣i.≈≈≈.§≈≈.♣ ♣≈.≈
♣≈≈♣..≈≈..≈♣♣♣♣♣♣(≈≈. ♣♣♣♣
♣♣♣♣.≈≈≈≈≈≈≈♣ ♣♣♣♣♣♣♣♣♣♣♣♣≈
♣.)≈≈≈≈≈.♣♣♣≈♣♣♣♣♣≈≈≈♣♣.
♣♣)†≈≈≈≈.♣♣≈.....≈≈≈≈..Z
♣♣♣♣.≈≈.♣♣.≈≈≈.≈≈≈...Z♣


You could see Nikola and a spriggan druid.

Vanquished Creatures
  Bai Suzhen (Swamp:4)
  Rupert (Lair:3)
  The ghost of mathias the Basher, a journeyman GrGl of Okawaru (Swamp:2)
  A fire dragon (Volcano)
  2 blizzard demons (IceCv)
  A ghost crab (Swamp:2)
  Fannar (D:10)
  10 hydras
  3 catoblepae (Lair:6)
  12 alligators
  The ghost of Aksej the Carver, a novice DsFi of Makhleb (D:8)
  24 death yaks
  2 spriggan druids (Swamp:4)
  2 swamp dragons (Swamp:2)
  2 hill giants
  2 shambling mangroves
  3 ugly things
  An elephant (D:11)
  A manticore (D:11)
  An ice statue (IceCv)
  3 black mambas
  A gargoyle (D:10)
  A torpor snail (Lair:3)
  3 komodo dragons
  12 spiny frogs
  2 rime drakes
  5 anaconda simulacra (IceCv)
  2 golden dragon simulacra (IceCv)
  4 freezing wraiths (IceCv)
  5 ice devils (IceCv)
  2 trolls (D:11)
  3 tyrant leeches
  A polar bear (Lair:5)
  9 hornets
  3 two-headed ogres (Volcano)
  Grinder (D:3)
  7 bog bodies
  20 blink frogs
  9 hippogriffs
  Sigmund (D:3)
  2 redbacks (Lair:2)
  A dire elephant simulacrum (IceCv)
  6 spriggans
  A wraith (D:11)
  A basilisk (Lair:3)
  Grum (D:8)
  2 vampires
  7 fire bats (Volcano)
  6 wyverns
  40 yaks
  4 steam dragons (Volcano)
  22 vampire mosquitoes
  2 mottled dragons (Volcano)
  3 harpy simulacra (IceCv)
  11 insubstantial wisps
  Edmund (D:6)
  2 soldier ants (D:8)
  12 swamp worms
  6 water moccasins
  3 hydra simulacra (IceCv)
  3 ice beasts
  5 swamp drakes
  5 porcupines
  4 phantoms
  3 orc warriors
  A necrophage (D:8)
  An eye of draining (D:9)
  4 boggarts (Lair:5)
  8 ogres
  A black bear (Lair:5)
  An ettin simulacrum (IceCv)
  4 wolves
  4 centaurs
  30 crocodiles
  A big kobold (D:11)
  10 bullfrogs
  3 scorpions
  An elephant simulacrum (IceCv)
  6 wights
  15 killer bees
  2 electric eels (Lair:2)
  3 howler monkeys
  4 crimson imps
  A quasit (D:10)
  2 draconian simulacra (IceCv)
  8 hounds
  A jelly (D:6)
  3 orc priests
  3 bullfrog skeletons
  A gnoll shaman (D:6)
  2 centaur skeletons
  11 iguanas
  3 worker ants
  3 orc wizards
  4 hell rats (Lair:5)
  A troll simulacrum (IceCv)
  A killer bee zombie (D:7)
  A polar bear simulacrum (IceCv)
  2 wolf simulacra (IceCv)
  5 centaur simulacra (IceCv)
  A hound zombie (D:9)
  2 hound skeletons
  5 gnolls (D:6)
  4 naga simulacra (IceCv)
  13 adders
  A howler monkey skeleton (D:6)
  An ogre simulacrum (IceCv)
  3 shadow imps
  6 white imps (IceCv)
  An ufetubus (IceCv)
  2 oozes
  4 swamp drake simulacra (Swamp:4)
  4 adder skeletons
  2 worms (D:2)
  15 leopard geckos
  28 orcs
  9 bats
  3 giant cockroaches
  8 goblins
  10 hobgoblins
  17 jackals
  5 quokkas
  2 ball pythons
  8 frilled lizards
  A jackal skeleton (D:4)
  10 kobolds
  A leopard gecko skeleton (D:4)
  8 rats
644 creatures vanquished.

Vanquished Creatures (collateral kills)
  Sonja (D:10)
1 creature vanquished.

Vanquished Creatures (others)
  A spriggan druid (Swamp:3)
  A wyvern (Volcano)
  A mottled dragon (Volcano)
  An ufetubus (IceCv)
  A leopard gecko (Lair:2)
  2 fungi (Swamp:1)
  20 plants
27 creatures vanquished.

Grand Total: 672 creatures vanquished

Notes
Turn   | Place    | Note
-------+----------+-------------------------------------------
     0 | D:1      | Plasmo the Minotaur Berserker began the quest for the Orb.
     0 | D:1      | Reached XP level 1. HP: 19/19 MP: 0/0
    65 | D:1      | Reached XP level 2. HP: 9/27 MP: 1/1
   755 | D:2      | Reached XP level 3. HP: 14/33 MP: 2/2
   756 | D:2      | Reached ** piety under Trog
  1587 | D:3      | Reached XP level 4. HP: 41/41 MP: 3/3
  1731 | D:3      | Noticed Sigmund
  1738 | D:3      | Killed Sigmund
  1738 | D:3      | Reached skill level 5 in Fighting
  1738 | D:3      | Reached skill level 1 in Throwing
  1738 | D:3      | Reached XP level 5. HP: 48/48 MP: 4/4
  1739 | D:3      | Reached XP level 6. HP: 56/56 MP: 5/5
  1953 | D:3      | Noticed Grinder
  1959 | D:3      | Paralysed by Grinder for 2 turns
  1963 | D:3      | Killed Grinder
  1963 | D:3      | Reached skill level 5 in Maces & Flails
  2297 | D:3      | Reached *** piety under Trog
  2398 | D:4      | Reached XP level 7. HP: 61/61 MP: 6/6
  2602 | D:4      | Reached skill level 5 in Armour
  3360 | D:5      | Entered Level 5 of the Dungeon
  3424 | D:5      | Reached XP level 8. HP: 70/70 MP: 7/7
  4108 | D:6      | Found a radiant altar of Vehumet.
  4113 | D:6      | Reached skill level 5 in Dodging
  4122 | D:6      | Noticed Edmund
  4128 | D:6      | Killed Edmund
  4173 | D:6      | Found a hide-covered altar of Uskayaw.
  4513 | D:6      | Found a staircase to the Ecumenical Temple.
  4579 | D:6      | Reached **** piety under Trog
  4939 | D:7      | Reached skill level 1 in Shields
  5089 | D:7      | Received a gift from Trog
  5089 | D:7      | Reached skill level 5 in Unarmed Combat
  5091 | D:7      | Reached XP level 9. HP: 79/79 MP: 8/8
  5731 | D:8      | Noticed Grum
  5744 | D:8      | Killed Grum
  5855 | D:8      | Noticed Aksej's ghost (novice DsFi)
  5916 | D:8      | Killed Aksej's ghost
  5916 | D:8      | Reached skill level 1 in Evocations
  6263 | D:8      | Reached XP level 10. HP: 80/88 MP: 10/10
  6423 | D:8      | Found Deseheygi's Weapon Shoppe.
  6789 | D:8      | Paralysed by a hornet for 1 turns
  6795 | D:8      | Paralysed by a hornet for 3 turns
  7158 | D:9      | Reached skill level 5 in Shields
  7179 | D:9      | Noticed a purple ugly thing
  7191 | D:9      | Killed a purple ugly thing
  7376 | D:9      | Reached ***** piety under Trog
  7561 | D:9      | Noticed Maurice
  8025 | D:10     | Entered Level 10 of the Dungeon
  8178 | D:10     | Noticed a hill giant
  8182 | D:10     | Noticed Sonja
  8186 | D:10     | Killed a hill giant
  8194 | D:10     | Noticed a gargoyle
  8205 | D:10     | Killed Sonja
  8266 | D:10     | Killed a gargoyle
  8266 | D:10     | Reached XP level 11. HP: 19/97 MP: 11/11
  8888 | D:10     | Noticed Fannar
  8896 | D:10     | Killed Fannar
  9070 | D:10     | Found Lass's Armour Emporium.
  9073 | D:10     | Bought a +1 plate armour of poison resistance for 480 gold pieces
  9266 | D:11     | Found a staircase to the Lair.
  9634 | D:11     | Noticed a hill giant
  9647 | D:11     | Killed a hill giant
  9647 | D:11     | Reached skill level 5 in Throwing
  9721 | D:11     | Received a gift from Trog
  9724 | D:11     | Noticed a purple ugly thing
  9748 | D:11     | Killed a purple ugly thing
  9938 | D:11     | Noticed a four-headed hydra
  9950 | D:11     | Killed a four-headed hydra
 10438 | Lair:1   | Entered Level 1 of the Lair of Beasts
 10509 | Lair:1   | Reached skill level 10 in Armour
 10738 | Lair:1   | Reached skill level 10 in Fighting
 10743 | Lair:1   | Received a gift from Trog
 10848 | Lair:1   | Reached XP level 12. HP: 106/106 MP: 13/13
 10937 | Lair:1   | Noticed a four-headed hydra
 10950 | Lair:1   | Killed a four-headed hydra
 10950 | Lair:1   | Reached skill level 10 in Maces & Flails
 11304 | Lair:2   | Found a hole to the Spider Nest.
 11639 | Lair:2   | Noticed a five-headed hydra
 11646 | Lair:2   | Killed a five-headed hydra
 12212 | Lair:3   | Noticed an eight-headed hydra
 12231 | Lair:3   | Killed an eight-headed hydra
 12474 | Lair:3   | Noticed Rupert
 12476 | Lair:3   | Paralysed by Rupert for 3 turns
 12495 | Lair:3   | Killed Rupert
 12633 | Lair:3   | Found a staircase to the Swamp.
 12645 | Lair:3   | Received a gift from Trog
 12746 | Lair:3   | Noticed a death yak
 12746 | Lair:3   | Noticed a death yak
 12755 | Lair:3   | Killed a death yak
 12755 | Lair:3   | Reached XP level 13. HP: 103/115 MP: 15/15
 13075 | Lair:3   | Reached skill level 10 in Dodging
 13615 | Lair:4   | Found a hide-covered altar of Uskayaw.
 13640 | Lair:4   | Found a dark tunnel.
 13649 | Volcano  | Entered a volcano
 14136 | Volcano  | Noticed a fire dragon
 14153 | Volcano  | Killed a fire dragon
 14153 | Volcano  | Reached skill level 10 in Shields
 15396 | Lair:5   | Found a hazy altar of Hepliaklqana.
 15422 | Lair:5   | Received a gift from Trog
 15437 | Lair:5   | Reached skill level 10 in Unarmed Combat
 15756 | Lair:5   | Found a viscous altar of Jiyva.
 15757 | Lair:5   | Found a staircase to the Slime Pits.
 15779 | Lair:5   | Received a gift from Trog
 16048 | Lair:6   | Entered Level 6 of the Lair of Beasts
 16056 | Lair:6   | Reached XP level 14. HP: 125/125 MP: 16/16
 16118 | Lair:6   | Found a shimmering altar of Xom.
 16264 | Lair:6   | Received a gift from Trog
 16291 | Lair:6   | Reached skill level 5 in Evocations
 17530 | Swamp:1  | Entered Level 1 of the Swamp
 17624 | Swamp:1  | Reached ****** piety under Trog
 17865 | Swamp:1  | Received a gift from Trog
 17910 | Swamp:1  | Found a frozen archway.
 17920 | IceCv    | Entered an ice cave
 18964 | IceCv    | Reached XP level 15. HP: 64/134 MP: 18/18
 20181 | Swamp:2  | Received a gift from Trog
 20587 | Swamp:2  | Noticed mathias's ghost (journeyman GrGl)
 20677 | Swamp:2  | Killed mathias's ghost
 21301 | Swamp:4  | Entered Level 4 of the Swamp
 21466 | Swamp:4  | Noticed Bai Suzhen
 21491 | Swamp:4  | Killed Bai Suzhen
 21514 | Swamp:4  | Received a gift from Trog
 21734 | Swamp:4  | Paralysed by a hornet for 2 turns
 22115 | Swamp:4  | Noticed Nikola
 22119 | Swamp:4  | HP: 8/204 [Nikola/chain lightning (22)]
 22123 | Swamp:4  | Killed from afar by Nikola

Skill      XL: |  1  2  3  4  5  6  7  8  9 10 11 12 13 14 15 |
---------------+----------------------------------------------+-----
Fighting       | 4 5 6 7 8 9 10 11 12 13 | 13.2
Maces & Flails | 4 5 6 7 8 9 10 11 12 13 | 13.2
Armour         | 3 4 5 6 7 9 10 11 12 13 | 13.7
Throwing       | 1 2 3 4 5 6 7 8 |  8.2
Dodging        | 3 4 5 6 7 8 9 10 11 12 | 12.2
Unarmed Combat | 2 3 5 6 7 8 9 10 11 | 11.7
Shields        | 2 4 6 7 9 10 11 12 | 12.3
Evocations     | 1 2 3 4 5 6 |  6.0

Action                   |  1- 3 |  4- 6 |  7- 9 | 10-12 | 13-15 || total
-------------------------+-------+-------+-------+-------+-------++-------
Melee: Mace              |    96 |    51 |   133 |       |       ||   280
       Headbutt          |    11 |     7 |    89 |   192 |   390 ||   689
       Punch             |       |       |     5 |       |       ||     5
       Flail             |       |       |   241 |   817 |  1432 ||  2490
       Eveningstar       |       |       |       |       |    26 ||    26
Throw: Tomahawk          |       |       |       |     2 |       ||     2
       Javelin           |       |       |       |       |     2 ||     2
Invok: Berserk           |       |     2 |     6 |    10 |    16 ||    34
       Burn Spellbooks   |       |       |     2 |     2 |     2 ||     6
       Trog's Hand       |       |       |       |     1 |     8 ||     9
       Brothers in Arms  |       |       |       |     1 |       ||     1
  Use: Scroll            |     8 |       |     6 |    15 |    21 ||    50
       Potion            |       |       |     4 |     2 |     5 ||    11
 Stab: Held in net/web   |       |       |       |     1 |       ||     1
       Petrified         |       |       |       |       |     3 ||     3
       Petrifying        |       |       |       |       |     1 ||     1
       Confused          |       |       |       |       |     2 ||     2
  Eat: Chunk             |     1 |     3 |     1 |    16 |    15 ||    36
       Pizza             |     1 |       |     1 |     3 |     3 ||     8
       Beef jerky        |       |     1 |     1 |     6 |     3 ||    11
       Meat ration       |       |       |     1 |       |     2 ||     3
       Bread ration      |       |       |     2 |       |       ||     2
       Fruit             |       |       |       |     3 |    16 ||    19
       Royal jelly       |       |       |       |       |     2 ||     2
Armor: Animal skin       |    12 |       |       |       |       ||    12
       Ring mail         |    16 |    22 |       |       |       ||    38
       Chain mail        |       |     2 |   193 |   122 |       ||   317
       Plate armour      |       |       |       |   267 |   787 ||  1054
Dodge: Dodged            |    74 |    36 |   148 |   336 |   684 ||  1278
Block: Buckler           |       |       |    72 |   311 |   710 ||  1093
       Other             |       |       |     5 |       |       ||     5
       Reflection        |       |       |     2 |     8 |     1 ||    11
